Sharks vs Golden Seals

Created - 13 mai 2022 at 07:55

Goals
1 2 3 T
Sharks 1 2 1 4
Golden Seals 0 0 1 1
Shots
1 2 3 T
Sharks 9 18 7 34
Golden Seals 4 11 13 28

1st period

1. Sharks , Alex Pietrangelo 3 (Gabriel Landeskog 2, Jonathan Huberdeau 6) at 16:55 (PP)

Penalties :
Nate Schmidt (CLF) for Hooking (Minor) at 8:07, Alexander Radulov (SJS) for Interference (Minor) at 11:00, Colton Parayko (CLF) for Roughing (Minor) at 16:29

2nd period

2. Sharks , Jonathan Huberdeau 3 (Shea Theodore 4, Gabriel Landeskog 3) at 2:28 (PP)
3. Sharks , Dylan Larkin 2 (Shea Theodore 5, Jonathan Huberdeau 7) at 6:39

Penalties :
Jonathan Toews (CLF) for Hooking (Minor) at 1:26

3rd period

4. Sharks , David Krejci 2 (Mark Borowiecki 3, Kasperi Kapanen 4) at 17:16
5. Golden Seals , Jake McCabe 1 (Jonathan Toews 6) at 17:24

Penalties :
Justin Braun (SJS) for Holding (Minor) at 2:28, Dylan Larkin (SJS) for High sticking (Minor) at 12:45, Jonathan Toews (CLF) for Roughing (Minor) at 18:42

Goalie Stats

Semyon Varlamov (SJS), 27 saves from 28 shots - (0,964), W, 5-2-1, 60:00 minutes
Andrei Vasilevskiy (CLF), 30 saves from 34 shots - (0,882), L, 6-1-0, 60:00 minutes

Players Stats for Sharks

Player Name              G  A  P  +/- PIM S  H  SB GA TA FO     MP     PP MP  PK MP  
------------------------------------------------------------------------------------
Alex Pietrangelo         1  0  1   0  0   3  0  1  0  1  0/0    25:32   3:01   4:11 
Alexander Radulov        0  0  0   0  2   6  0  1  0  0  0/1    15:55   1:49   0:00 
Boone Jenner             0  0  0   0  0   3  1  2  0  1  3/9    15:25   0:06   1:13 
Carter Rowney            0  0  0   0  0   2  0  0  0  0  2/7    10:58   0:00   3:14 
Colton Sceviour          0  0  0   0  0   0  0  0  0  0  0/0     7:43   0:00   0:00 
David Krejci             1  0  1   1  0   3  0  0  1  0  9/14   14:18   1:49   0:00 
Dylan Larkin             1  0  1   0  2   3  1  0  0  1  1/1    15:04   0:06   0:00 
Gabriel Landeskog        0  2  2   0  0   0  2  0  1  1  1/1    17:44   2:49   0:55 
Jason Demers             0  0  0   0  0   1  4  2  0  0  0/0    21:07   1:43   1:14 
Jonathan Huberdeau       1  2  3   0  0   4  1  0  0  0  1/2    19:07   2:49   1:18 
Justin Braun             0  0  0   0  2   0  0  3  1  0  0/0    21:54   0:00   2:17 
K'Andre Miller           0  0  0   1  0   0  1  0  0  0  0/0    15:24   1:43   1:46 
Kasperi Kapanen          0  1  1   1  0   3  0  1  0  0  0/0    12:29   0:00   0:00 
Mark Borowiecki          0  1  1   0  0   1  3  1  0  1  0/0    21:37   0:00   2:26 
Michael Raffl            0  0  0   0  0   1  0  0  0  0  0/0     9:47   0:00   2:04 
Shea Theodore            0  2  2   1  0   2  0  0  0  1  0/0    14:26   3:01   0:00 
Sidney Crosby            0  0  0   0  0   0  1  0  4  0  10/22  17:57   2:55   0:00 
Teuvo Teravainen         0  0  0   1  0   2  0  0  0  0  0/0    17:33   1:49   3:10 

Players Stats for Golden Seals

Player Name              G  A  P  +/- PIM S  H  SB GA TA FO     MP     PP MP  PK MP  
------------------------------------------------------------------------------------
Barclay Goodrow          0  0  0   0  0   2  1  0  1  0  2/7    11:09   0:05   3:01 
Cody Ceci                0  0  0   0  0   0  2  1  0  0  0/0    20:56   0:00   1:33 
Colton Parayko           0  0  0   0  2   0  1  3  0  0  0/0    21:33   2:22   0:57 
Jaden Schwartz           0  0  0  -1  0   5  1  0  0  0  0/0    17:39   3:35   0:00 
Jake McCabe              1  0  1  -1  0   2  1  3  0  1  0/0    20:57   0:00   3:11 
Jason Robertson          0  0  0  -1  0   2  0  0  1  0  0/0    14:22   2:38   0:00 
Jonathan Toews           0  1  1   1  4   2  1  0  1  1  17/27  20:29   3:19   0:32 
Kurtis MacDermid         0  0  0   0  0   0  1  0  0  1  0/0    11:53   0:00   1:11 
Max Domi                 0  0  0  -1  0   2  0  0  0  0  2/3    12:34   0:05   0:17 
Miles Wood               0  0  0  -1  0   0  0  0  1  2  0/1    18:20   2:22   3:01 
Nate Schmidt             0  0  0   0  2   2  3  0  1  2  0/0    24:24   3:35   2:07 
Nick Cousins             0  0  0   0  0   0  1  0  0  0  0/0     7:58   0:00   0:00 
Nick Suzuki              0  0  0   1  0   4  0  1  0  0  2/5    20:47   3:14   1:11 
Ondrej Kase              0  0  0   0  0   1  1  0  0  0  0/0     7:58   0:00   0:00 
Robby Fabbri             0  0  0  -1  0   3  0  0  0  0  0/1    14:22   2:38   0:00 
Robert Hagg              0  0  0  -1  0   0  0  2  0  0  0/0    13:01   0:00   0:29 
Tyler Toffoli            0  0  0   1  0   2  1  2  0  0  1/3    19:36   3:14   0:00 
William Karlsson         0  0  0  -1  0   1  4  2  1  0  6/10   17:14   2:38   1:26 

3 Stars

1 - Jonathan Huberdeau (SJS)
2 - Semyon Varlamov (SJS)
3 - Gabriel Landeskog (SJS)

Power Play

Sharks - 2 on 4 Attempt(s) - 50,00%
Golden Seals - 0 on 3 Attempt(s) - 0,00%

Penalty Kill

Sharks - 3 on 3 Attempt(s) - 100,00% - Score 0 goal in Penalty Kill
Golden Seals - 2 on 4 Attempt(s) - 50,00% - Score 0 goal in Penalty Kill

Team Stat

Sharks - Hits : 14 - Faceoff Wins : 27 - Blocked Shots : 11 - Penalty Minutes : 6
Golden Seals - Hits : 18 - Faceoff Wins : 30 - Blocked Shots : 14 - Penalty Minutes : 8

Official

Referees : Tom Chmielewski and Graham Skilliter
Linesman : Brandon Gawryletz and Bryan Pancich

Game Notes

Kurtis MacDermid is injured at 8:07 of 3rd period (Right Ankle)

Finance

Level 1 -- Attendance: 6000 (100,00%) -- Ticket Income 360 000 $
Level 2 -- Attendance: 5000 (100,00%) -- Ticket Income 175 000 $
Level 3 -- Attendance: 2000 (100,00%) -- Ticket Income 32 000 $
Level 4 -- Attendance: 4000 (100,00%) -- Ticket Income 40 000 $
Luxury Box -- Attendance: 1000 (100,00%) -- Ticket Income 100 000 $
Game was played at the Sideburns Coliseum.
Total Attendance: 18000 (100,00%)
Total Ticket Income: 707 000 $
Other Income: 346 430 $
Total Income: 1 053 430 $

Sharks

5 vs 5 Forward 
   Center                   Left Wing                Right Wing               Time % Phy DF OF 
 1 Sidney Crosby            Dylan Larkin             Jonathan Huberdeau       33     0   2  3  
 2 Boone Jenner             Alexander Radulov        Gabriel Landeskog        31     0   2  3  
 3 David Krejci             Kasperi Kapanen          Teuvo Teravainen         28     0   2  3  
 4 Carter Rowney            Michael Raffl            Colton Sceviour          8      0   3  2  

5 vs 5 Defense 
   Defense                  Defense                                           Time % Phy DF OF 
 1 Alex Pietrangelo         Jason Demers                                      38     0   2  3  
 2 Justin Braun             Mark Borowiecki                                   37     0   2  3  
 3 Shea Theodore            K'Andre Miller                                    19     0   2  3  
 4 Justin Braun             Jason Demers                                      6      0   3  2  

PowerPlay Forward 
   Center                   Left Wing                Right Wing               Time % Phy DF OF 
 1 Sidney Crosby            Jonathan Huberdeau       Gabriel Landeskog        55     0   0  5  
 2 David Krejci             Alexander Radulov        Teuvo Teravainen         45     0   0  5  

PowerPlay Defense
   Defense                  Defense                                           Time % Phy DF OF 
 1 Alex Pietrangelo         Shea Theodore                                     55     0   1  4  
 2 Jason Demers             K'Andre Miller                                    45     0   1  4  

Penalty Kill 4 Players Forward 
   Center                   Wing                     Time % Phy DF OF 
 1 Carter Rowney            Teuvo Teravainen         60     0   4  1  
 2 Boone Jenner             Michael Raffl            40     0   4  1  

Penalty Kill 4 Players Defense
   Defense                  Defense                  Time % Phy DF OF 
 1 Justin Braun             Alex Pietrangelo         60     0   4  1  
 2 Mark Borowiecki          K'Andre Miller           40     0   4  1  

Penalty Kill - 3 Players Forward 
   Forward                                           Time % Phy DF OF 
 1 Carter Rowney                                     60     0   5  0  
 2 Boone Jenner                                      40     0   5  0  

Penalty Kill - 3 Players Defense
   Defense                  Defense                  Time % Phy DF OF 
 1 Justin Braun             Alex Pietrangelo         60     0   5  0  
 2 Jason Demers             K'Andre Miller           40     0   5  0  

4 vs 4 Forward 
   Center                   Wing                     Time % Phy DF OF 
 1 Sidney Crosby            Gabriel Landeskog        55     0   2  3  
 2 David Krejci             Dylan Larkin             45     0   2  3  

4 vs 4 Defense
   Defense                  Defense                  Time % Phy DF OF 
 1 Alex Pietrangelo         Shea Theodore            55     0   3  2  
 2 Mark Borowiecki          K'Andre Miller           45     0   3  2  

Last Minutes Offensive
   Center                   Left Wing                Right Wing               Defense                  Defense                  
   Sidney Crosby            Gabriel Landeskog        Jonathan Huberdeau       Alex Pietrangelo         Shea Theodore            

Last Minutes Defensive
   Center                   Left Wing                Right Wing               Defense                  Defense                  
   Boone Jenner             Carter Rowney            Michael Raffl            Justin Braun             Alex Pietrangelo         

Goaltenders
Starting : Semyon Varlamov          
Backup : Darcy Kuemper            

Extra Forwards
Normal : Sidney Crosby, Teuvo Teravainen, Alexander Radulov - PP : David Krejci, Dylan Larkin - PK : Michael Raffl
Extra Defensemen
Normal : Shea Theodore, Mark Borowiecki, Jason Demers - PP : Shea Theodore - PK : Mark Borowiecki, Jason Demers
Penalty Shots
Sidney Crosby, Alexander Radulov, Boone Jenner, Jonathan Huberdeau, Gabriel Landeskog
Custom OT Lines Forwards
Sidney Crosby, Gabriel Landeskog, Jonathan Huberdeau, Dylan Larkin, Boone Jenner, David Krejci, Alexander Radulov, Teuvo Teravainen, Kasperi Kapanen, Colton Sceviour
Custom OT Lines Defensemen
Alex Pietrangelo, Justin Braun, Jason Demers, K'Andre Miller, Shea Theodore

Scratches
Robert Thomas (Healthy), Oliver Wahlstrom (Healthy)

Golden Seals

5 vs 5 Forward 
   Center                   Left Wing                Right Wing               Time % Phy DF OF 
 1 Jonathan Toews           Tyler Toffoli            Nick Suzuki              36     0   2  3  
 2 William Karlsson         Miles Wood               Jaden Schwartz           31     0   2  3  
 3 Max Domi                 Jason Robertson          Robby Fabbri             23     0   2  3  
 4 Barclay Goodrow          Nick Cousins             Ondrej Kase              10     1   2  2  

5 vs 5 Defense 
   Defense                  Defense                                           Time % Phy DF OF 
 1 Colton Parayko           Cody Ceci                                         43     0   3  2  
 2 Nate Schmidt             Jake McCabe                                       37     0   3  2  
 3 Robert Hagg              Kurtis MacDermid                                  20     2   3  0  
 4 Nate Schmidt             Cody Ceci                                         0      1   2  2  

PowerPlay Forward 
   Center                   Left Wing                Right Wing               Time % Phy DF OF 
 1 Jonathan Toews           Tyler Toffoli            Nick Suzuki              60     0   0  5  
 2 William Karlsson         Robby Fabbri             Jason Robertson          40     0   0  5  

PowerPlay Defense
   Defense                  Defense                                           Time % Phy DF OF 
 1 Nate Schmidt             Jaden Schwartz                                    60     0   0  5  
 2 Colton Parayko           Miles Wood                                        40     0   0  5  

Penalty Kill 4 Players Forward 
   Center                   Wing                     Time % Phy DF OF 
 1 Barclay Goodrow          Miles Wood               60     1   4  0  
 2 Jonathan Toews           William Karlsson         40     1   4  0  

Penalty Kill 4 Players Defense
   Defense                  Defense                  Time % Phy DF OF 
 1 Nate Schmidt             Jake McCabe              60     2   3  0  
 2 Colton Parayko           Cody Ceci                40     2   3  0  

Penalty Kill - 3 Players Forward 
   Forward                                           Time % Phy DF OF 
 1 Barclay Goodrow                                   60     0   5  0  
 2 William Karlsson                                  40     0   5  0  

Penalty Kill - 3 Players Defense
   Defense                  Defense                  Time % Phy DF OF 
 1 Nate Schmidt             Jake McCabe              60     0   5  0  
 2 Colton Parayko           Cody Ceci                40     0   5  0  

4 vs 4 Forward 
   Center                   Wing                     Time % Phy DF OF 
 1 William Karlsson         Tyler Toffoli            60     1   2  2  
 2 Nick Suzuki              Jaden Schwartz           40     1   2  2  

4 vs 4 Defense
   Defense                  Defense                  Time % Phy DF OF 
 1 Nate Schmidt             Cody Ceci                60     1   2  2  
 2 Colton Parayko           Jake McCabe              40     1   2  2  

Last Minutes Offensive
   Center                   Left Wing                Right Wing               Defense                  Defense                  
   Jonathan Toews           Tyler Toffoli            Jason Robertson          Nate Schmidt             Jaden Schwartz           

Last Minutes Defensive
   Center                   Left Wing                Right Wing               Defense                  Defense                  
   William Karlsson         Miles Wood               Jaden Schwartz           Nate Schmidt             Cody Ceci                

Goaltenders
Starting : Andrei Vasilevskiy       
Backup : Jacob Ingham             

Extra Forwards
Normal : Jason Robertson, Max Domi, Barclay Goodrow - PP : Max Domi, Barclay Goodrow - PK : Nick Suzuki
Extra Defensemen
Normal : Robert Hagg, Kurtis MacDermid, Nate Schmidt - PP : Robert Hagg - PK : Kurtis MacDermid, Robert Hagg
Penalty Shots
Jonathan Toews, Tyler Toffoli, William Karlsson, Ondrej Kase, Jason Robertson
Custom OT Lines Forwards
Jonathan Toews, Tyler Toffoli, William Karlsson, Jaden Schwartz, Nick Suzuki, Miles Wood, Jason Robertson, Max Domi, Robby Fabbri, Barclay Goodrow
Custom OT Lines Defensemen
Nate Schmidt, Cody Ceci, Colton Parayko, Jake McCabe, Robert Hagg

Scratches
Oskar Lindblom (Healthy)

% Time on Ice - Sharks

Lines # - Real PCT - Wanted PCT - Time Play
Normal Forward
1 - 31% - 33% - 15:13
2 - 28% - 31% - 13:54
3 - 25% - 28% - 12:29
4 - 16% - 8% - 7:43
Normal Defense
1 - 37% - 38% - 18:20
2 - 39% - 37% - 19:27
3 - 23% - 19% - 11:25
4 - 0% - 6% - 0:07
PP Forward
1 - 62% - 55% - 2:55
2 - 38% - 45% - 1:49
PP Defense
1 - 64% - 55% - 3:01
2 - 36% - 45% - 1:43
PK Forward
1 - 80% - 60% - 4:44
2 - 20% - 40% - 1:13
PK Defense
1 - 70% - 60% - 4:11
2 - 30% - 40% - 1:46
PK3 Forward
1 - 0% - 60%
2 - 0% - 40%
PK3 Defense
1 - 0% - 60%
2 - 0% - 40%
44 Forward
1 - 0% - 55%
2 - 0% - 45%
44 Defense
1 - 0% - 55%
2 - 0% - 45%
Last Minute Offensive  - 0:00
Last Minute Defensive  - 0:00
Total
Forward - 60:00
Defense - 60:00

% Time on Ice - Golden Seals

Lines # - Real PCT - Wanted PCT - Time Play
Normal Forward
1 - 33% - 36% - 16:27
2 - 27% - 31% - 13:10
3 - 24% - 23% - 11:44
4 - 16% - 10% - 7:58
Normal Defense
1 - 40% - 43% - 19:47
2 - 33% - 37% - 16:18
3 - 26% - 20% - 12:43
4 - 1% - 0% - 0:31
PP Forward
1 - 56% - 60% - 3:19
2 - 44% - 40% - 2:38
PP Defense
1 - 60% - 60% - 3:35
2 - 40% - 40% - 2:22
PK Forward
1 - 70% - 60% - 3:18
2 - 30% - 40% - 1:26
PK Defense
1 - 75% - 60% - 3:33
2 - 25% - 40% - 1:11
PK3 Forward
1 - 0% - 60%
2 - 0% - 40%
PK3 Defense
1 - 0% - 60%
2 - 0% - 40%
44 Forward
1 - 0% - 60%
2 - 0% - 40%
44 Defense
1 - 0% - 60%
2 - 0% - 40%
Last Minute Offensive  - 0:00
Last Minute Defensive  - 0:00
Total
Forward - 60:00
Defense - 60:00

Play-by-Play

1st period


0:01 of 1st period - Nick Suzuki wins face-off versus Sidney Crosby in neutral zone.
0:52 of 1st period - Mark Borowiecki is hit by Nate Schmidt and loses puck.
0:57 of 1st period - Wrist shot by Jason Robertson.
0:57 of 1st period - Shot Blocked by Kasperi Kapanen.
1:21 of 1st period - Barclay Goodrow is hit by Mark Borowiecki and loses puck.
2:21 of 1st period - Wrist shot by Kasperi Kapanen.
2:21 of 1st period - Stopped by Andrei Vasilevskiy without a rebound.
2:22 of 1st period - Sidney Crosby wins face-off versus Tyler Toffoli in Golden Seals zone.
3:11 of 1st period - Wrist shot by Kasperi Kapanen.
3:11 of 1st period - Stopped by Andrei Vasilevskiy without a rebound.
3:12 of 1st period - Max Domi wins face-off versus Boone Jenner in Golden Seals zone.
3:47 of 1st period - Snap shot by Tyler Toffoli.
3:47 of 1st period - Stopped by Semyon Varlamov without a rebound.
3:48 of 1st period - Jonathan Toews wins face-off versus David Krejci in Sharks zone.
3:49 of 1st period - Wrist shot by Tyler Toffoli.
3:49 of 1st period - Shot Misses the Net.
5:29 of 1st period - Wrist shot by Teuvo Teravainen.
5:29 of 1st period - Shot Blocked by Robert Hagg.
5:31 of 1st period - Wrist shot by David Krejci.
5:31 of 1st period - Shot Blocked by Robert Hagg.
5:51 of 1st period - Wrist shot by Jaden Schwartz.
5:51 of 1st period - Shot Blocked by Boone Jenner.
6:17 of 1st period - Robby Fabbri is hit by Dylan Larkin and loses puck.
6:34 of 1st period - Snap shot by Teuvo Teravainen.
6:34 of 1st period - Stopped by Andrei Vasilevskiy with a rebound.
7:35 of 1st period - Snap shot by Teuvo Teravainen.
7:35 of 1st period - Shot Blocked by Cody Ceci.
7:37 of 1st period - Slapshot by Mark Borowiecki.
7:37 of 1st period - Shot Misses the Net.
7:39 of 1st period - Slapshot by Justin Braun.
7:39 of 1st period - Shot Misses the Net.
7:41 of 1st period - Snap shot by Mark Borowiecki.
7:41 of 1st period - Stopped by Andrei Vasilevskiy with a rebound.
7:43 of 1st period - Snap shot by David Krejci.
7:43 of 1st period - Stopped by Andrei Vasilevskiy without a rebound.
7:44 of 1st period - William Karlsson wins face-off versus Sidney Crosby in Golden Seals zone.
8:07 of 1st period - Minor Penalty to Nate Schmidt for Hooking.
8:08 of 1st period - Barclay Goodrow wins face-off versus Sidney Crosby in Golden Seals zone.
8:39 of 1st period - Slapshot by Teuvo Teravainen.
8:39 of 1st period - Shot Hit the Post.
8:41 of 1st period - Wrist shot by David Krejci.
8:41 of 1st period - Shot Misses the Net.
8:43 of 1st period - Snap shot by Alex Pietrangelo.
8:43 of 1st period - Shot Blocked by Jake McCabe.
8:45 of 1st period - Slapshot by Alex Pietrangelo.
8:45 of 1st period - Shot Blocked by Jake McCabe.
9:11 of 1st period - Colton Parayko is hit by K'Andre Miller and loses puck.
10:04 of 1st period - Snap shot by Dylan Larkin.
10:04 of 1st period - Stopped by Andrei Vasilevskiy without a rebound.
10:05 of 1st period - Jonathan Toews wins face-off versus Sidney Crosby in Golden Seals zone.
10:07 of 1st period - Penalty to Nate Schmidt is over, Nate Schmidt is back on ice.
10:12 of 1st period - Jason Demers is hit by Jake McCabe and loses puck.
10:33 of 1st period - Wrist shot by Jason Robertson.
10:33 of 1st period - Shot Blocked by Justin Braun.
10:35 of 1st period - Slapshot by Cody Ceci.
10:35 of 1st period - Shot Blocked by Justin Braun.
10:45 of 1st period - Backhand shot by Teuvo Teravainen.
10:45 of 1st period - Shot Hit the Post.
11:00 of 1st period - Minor Penalty to Alexander Radulov for Interference.
11:01 of 1st period - Carter Rowney wins face-off versus Jonathan Toews in Sharks zone.
13:00 of 1st period - Penalty to Alexander Radulov is over, Alexander Radulov is back on ice.
13:20 of 1st period - Barclay Goodrow is hit by Gabriel Landeskog and loses puck.
14:14 of 1st period - Miles Wood is hit by Jason Demers and loses puck.
14:21 of 1st period - Jonathan Huberdeau is hit by Cody Ceci and loses puck.
15:39 of 1st period - Nate Schmidt is hit by Mark Borowiecki.
16:29 of 1st period - Minor Penalty to Colton Parayko for Roughing.
16:30 of 1st period - David Krejci wins face-off versus Barclay Goodrow in Golden Seals zone.
16:43 of 1st period - Wrist shot by Alexander Radulov.
16:43 of 1st period - Stopped by Andrei Vasilevskiy without a rebound.
16:44 of 1st period - Sidney Crosby wins face-off versus Barclay Goodrow in Golden Seals zone.
16:53 of 1st period - Snap shot by Gabriel Landeskog.
16:53 of 1st period - Shot Misses the Net.
16:55 of 1st period - Slapshot by Alex Pietrangelo.
16:55 of 1st period - Goal by Alex Pietrangelo - Sharks : 1 - Golden Seals : 0.
16:56 of 1st period - Jonathan Toews wins face-off versus Boone Jenner in neutral zone.
17:07 of 1st period - Wrist shot by Nick Suzuki.
17:07 of 1st period - Deflect By Jonathan Toews.
17:07 of 1st period - Shot Misses the Net.
17:07 of 1st period - Puck is out of play.
17:08 of 1st period - Dylan Larkin wins face-off versus Jonathan Toews in Sharks zone.
17:08 of 1st period - Dylan Larkin is hit by Tyler Toffoli.
17:20 of 1st period - Backhand shot by Tyler Toffoli.
17:20 of 1st period - Shot Misses the Net.
17:22 of 1st period - Slapshot by Colton Parayko.
17:22 of 1st period - Shot Blocked by Justin Braun.
17:38 of 1st period - Snap shot by Max Domi.
17:38 of 1st period - Stopped by Semyon Varlamov with a rebound.
17:56 of 1st period - Dylan Larkin is hit by Ondrej Kase and loses puck.
18:05 of 1st period - Wrist shot by Barclay Goodrow.
18:05 of 1st period - Stopped by Semyon Varlamov with a rebound.
18:07 of 1st period - Wrist shot by Ondrej Kase.
18:07 of 1st period - Stopped by Semyon Varlamov without a rebound.
18:08 of 1st period - Jonathan Toews wins face-off versus Boone Jenner in Sharks zone.
18:23 of 1st period - Jonathan Toews is hit by Gabriel Landeskog and loses puck.
18:50 of 1st period - Snap shot by Max Domi.
18:50 of 1st period - Shot Blocked by Alex Pietrangelo.
19:31 of 1st period - Wrist shot by Michael Raffl.
19:31 of 1st period - Stopped by Andrei Vasilevskiy with a rebound.
19:47 of 1st period - Nate Schmidt is hit by Jonathan Huberdeau and loses puck.
Goals for this period are 1 for Sharks vs 0 for Golden Seals.
Shots for this period are 9 for Sharks vs 4 for Golden Seals.

2nd period


0:01 of 2nd period - David Krejci wins face-off versus William Karlsson in neutral zone.
0:28 of 2nd period - Icing by Cody Ceci.
0:29 of 2nd period - Boone Jenner wins face-off versus Jonathan Toews in Golden Seals zone.
0:30 of 2nd period - Slapshot by Gabriel Landeskog.
0:30 of 2nd period - Deflect By Alexander Radulov.
0:30 of 2nd period - Stopped by Andrei Vasilevskiy with a rebound.
0:32 of 2nd period - Slapshot by Jason Demers.
0:32 of 2nd period - Shot Misses the Net.
0:34 of 2nd period - Wrist shot by Boone Jenner.
0:34 of 2nd period - Stopped by Andrei Vasilevskiy without a rebound.
0:35 of 2nd period - William Karlsson wins face-off versus Boone Jenner in Golden Seals zone.
0:35 of 2nd period - William Karlsson is hit by Boone Jenner.
0:54 of 2nd period - Gabriel Landeskog is hit by William Karlsson and loses puck.
1:10 of 2nd period - Slapshot by Jason Demers.
1:10 of 2nd period - Shot Blocked by Tyler Toffoli.
1:12 of 2nd period - Wrist shot by Jonathan Huberdeau.
1:12 of 2nd period - Stopped by Andrei Vasilevskiy with a rebound.
1:14 of 2nd period - Snap shot by Sidney Crosby.
1:14 of 2nd period - Shot Misses the Net.
1:16 of 2nd period - Slapshot by Jason Demers.
1:16 of 2nd period - Shot Misses the Net.
1:18 of 2nd period - Slapshot by Alex Pietrangelo.
1:18 of 2nd period - Shot Misses the Net.
1:20 of 2nd period - Slapshot by Jason Demers.
1:20 of 2nd period - Shot Blocked by Tyler Toffoli.
1:26 of 2nd period - Minor Penalty to Jonathan Toews for Hooking.
1:27 of 2nd period - Sidney Crosby wins face-off versus Miles Wood in Golden Seals zone.
1:59 of 2nd period - Off-side.
2:00 of 2nd period - David Krejci wins face-off versus Nick Suzuki in neutral zone.
2:05 of 2nd period - Wrist shot by Alexander Radulov.
2:05 of 2nd period - Shot Blocked by Nick Suzuki.
2:07 of 2nd period - Slapshot by Jason Demers.
2:07 of 2nd period - Shot Blocked by William Karlsson.
2:09 of 2nd period - Slapshot by K'Andre Miller.
2:09 of 2nd period - Shot Misses the Net.
2:11 of 2nd period - Wrist shot by Teuvo Teravainen.
2:11 of 2nd period - Deflect By Alexander Radulov.
2:11 of 2nd period - Stopped by Andrei Vasilevskiy without a rebound.
2:12 of 2nd period - Gabriel Landeskog wins face-off versus Barclay Goodrow in Golden Seals zone.
2:26 of 2nd period - Slapshot by Shea Theodore.
2:26 of 2nd period - Stopped by Andrei Vasilevskiy with a rebound.
2:28 of 2nd period - Snap shot by Jonathan Huberdeau.
2:28 of 2nd period - Goal by Jonathan Huberdeau - Sharks : 2 - Golden Seals : 0.
2:29 of 2nd period - David Krejci wins face-off versus Nick Suzuki in neutral zone.
2:56 of 2nd period - Dylan Larkin is hit by Cody Ceci and loses puck.
3:15 of 2nd period - Slapshot by Jason Robertson.
3:15 of 2nd period - Shot Misses the Net.
3:17 of 2nd period - Wrist shot by Max Domi.
3:17 of 2nd period - Shot Misses the Net.
3:19 of 2nd period - Wrist shot by Robby Fabbri.
3:19 of 2nd period - Shot Blocked by Mark Borowiecki.
3:21 of 2nd period - Slapshot by Jake McCabe.
3:21 of 2nd period - Stopped by Semyon Varlamov without a rebound.
3:22 of 2nd period - David Krejci wins face-off versus Tyler Toffoli in Sharks zone.
3:58 of 2nd period - Slapshot by Jaden Schwartz.
3:58 of 2nd period - Stopped by Semyon Varlamov without a rebound.
3:59 of 2nd period - Max Domi wins face-off versus Alexander Radulov in Sharks zone.
4:00 of 2nd period - Snap shot by Jason Robertson.
4:00 of 2nd period - Shot Blocked by Boone Jenner.
4:10 of 2nd period - Wrist shot by Alexander Radulov.
4:10 of 2nd period - Stopped by Andrei Vasilevskiy with a rebound.
4:12 of 2nd period - Wrist shot by Boone Jenner.
4:12 of 2nd period - Stopped by Andrei Vasilevskiy with a rebound.
4:14 of 2nd period - Slapshot by Justin Braun.
4:14 of 2nd period - Deflect By Boone Jenner.
4:14 of 2nd period - Stopped by Andrei Vasilevskiy without a rebound.
4:15 of 2nd period - Sidney Crosby wins face-off versus William Karlsson in Golden Seals zone.
4:20 of 2nd period - Snap shot by Sidney Crosby.
4:20 of 2nd period - Shot Misses the Net.
4:26 of 2nd period - Nate Schmidt is hit by Mark Borowiecki and loses puck.
6:11 of 2nd period - Wrist shot by Alexander Radulov.
6:11 of 2nd period - Stopped by Andrei Vasilevskiy without a rebound.
6:12 of 2nd period - David Krejci wins face-off versus Nick Suzuki in Golden Seals zone.
6:27 of 2nd period - Wrist shot by Jonathan Toews.
6:27 of 2nd period - Stopped by Semyon Varlamov with a rebound.
6:29 of 2nd period - Snap shot by Nick Suzuki.
6:29 of 2nd period - Stopped by Semyon Varlamov without a rebound.
6:30 of 2nd period - Sidney Crosby wins face-off versus William Karlsson in Sharks zone.
6:37 of 2nd period - Backhand shot by Shea Theodore.
6:37 of 2nd period - Deflect By William Karlsson.
6:37 of 2nd period - Stopped by Andrei Vasilevskiy with a rebound.
6:39 of 2nd period - Wrist shot by Dylan Larkin.
6:39 of 2nd period - Goal by Dylan Larkin - Sharks : 3 - Golden Seals : 0.
6:40 of 2nd period - Jonathan Toews wins face-off versus David Krejci in neutral zone.
6:43 of 2nd period - David Krejci is hit by Jonathan Toews and loses puck.
8:02 of 2nd period - Snap shot by Alexander Radulov.
8:02 of 2nd period - Shot Misses the Net.
8:21 of 2nd period - Wrist shot by Nick Suzuki.
8:21 of 2nd period - Shot Misses the Net.
9:11 of 2nd period - Kurtis MacDermid is hit by Jason Demers and loses puck.
9:46 of 2nd period - David Krejci is hit by William Karlsson and loses puck.
11:04 of 2nd period - Mark Borowiecki is hit by Nate Schmidt and loses puck.
11:13 of 2nd period - Snap shot by Jaden Schwartz.
11:13 of 2nd period - Stopped by Semyon Varlamov with a rebound.
12:24 of 2nd period - Snap shot by Max Domi.
12:24 of 2nd period - Shot Blocked by Jason Demers.
12:36 of 2nd period - Snap shot by Jonathan Huberdeau.
12:36 of 2nd period - Stopped by Andrei Vasilevskiy without a rebound.
12:37 of 2nd period - Sidney Crosby wins face-off versus Jonathan Toews in Golden Seals zone.
12:46 of 2nd period - Snap shot by Dylan Larkin.
12:46 of 2nd period - Stopped by Andrei Vasilevskiy without a rebound.
12:47 of 2nd period - Jonathan Toews wins face-off versus David Krejci in Golden Seals zone.
13:19 of 2nd period - Wrist shot by Jaden Schwartz.
13:19 of 2nd period - Stopped by Semyon Varlamov with a rebound.
13:47 of 2nd period - Snap shot by Alexander Radulov.
13:47 of 2nd period - Shot Blocked by Colton Parayko.
14:01 of 2nd period - Wrist shot by Max Domi.
14:01 of 2nd period - Stopped by Semyon Varlamov with a rebound.
14:22 of 2nd period - Slapshot by Nick Suzuki.
14:22 of 2nd period - Shot Misses the Net.
16:18 of 2nd period - Jason Robertson is hit by Jason Demers and loses puck.
16:41 of 2nd period - Icing by K'Andre Miller.
16:42 of 2nd period - William Karlsson wins face-off versus Carter Rowney in Sharks zone.
17:04 of 2nd period - Snap shot by Colton Sceviour.
17:04 of 2nd period - Shot Blocked by Colton Parayko.
17:10 of 2nd period - Carter Rowney is hit by William Karlsson and loses puck.
17:15 of 2nd period - Snap shot by Miles Wood.
17:15 of 2nd period - Shot Misses the Net.
17:23 of 2nd period - Snap shot by William Karlsson.
17:23 of 2nd period - Shot Hit the Post.
17:25 of 2nd period - Snap shot by William Karlsson.
17:25 of 2nd period - Shot Misses the Net.
17:27 of 2nd period - Snap shot by William Karlsson.
17:27 of 2nd period - Stopped by Semyon Varlamov without a rebound.
17:28 of 2nd period - Sidney Crosby wins face-off versus Jonathan Toews in Sharks zone.
17:33 of 2nd period - Slapshot by Alex Pietrangelo.
17:33 of 2nd period - Deflect By Jonathan Toews.
17:33 of 2nd period - Stopped by Andrei Vasilevskiy with a rebound.
17:57 of 2nd period - Snap shot by Teuvo Teravainen.
17:57 of 2nd period - Stopped by Andrei Vasilevskiy without a rebound.
17:58 of 2nd period - David Krejci wins face-off versus Barclay Goodrow in Golden Seals zone.
17:59 of 2nd period - Wrist shot by Kasperi Kapanen.
17:59 of 2nd period - Stopped by Andrei Vasilevskiy with a rebound.
18:15 of 2nd period - Snap shot by Kasperi Kapanen.
18:15 of 2nd period - Shot Misses the Net.
18:25 of 2nd period - Kasperi Kapanen is hit by Nick Cousins and loses puck.
18:36 of 2nd period - Slapshot by Barclay Goodrow.
18:36 of 2nd period - Stopped by Semyon Varlamov without a rebound.
18:37 of 2nd period - Sidney Crosby wins face-off versus Jonathan Toews in Sharks zone.
19:15 of 2nd period - Snap shot by Gabriel Landeskog.
19:15 of 2nd period - Shot Misses the Net.
19:17 of 2nd period - Slapshot by Alexander Radulov.
19:17 of 2nd period - Stopped by Andrei Vasilevskiy with a rebound.
19:29 of 2nd period - Mark Borowiecki is hit by Kurtis MacDermid and loses puck.
19:34 of 2nd period - Wrist shot by Max Domi.
19:34 of 2nd period - Shot Misses the Net.
19:48 of 2nd period - Wrist shot by Nick Suzuki.
19:48 of 2nd period - Stopped by Semyon Varlamov with a rebound.
19:52 of 2nd period - Snap shot by Nick Suzuki.
19:52 of 2nd period - Stopped by Semyon Varlamov without a rebound.
19:53 of 2nd period - Jonathan Toews wins face-off versus David Krejci in Sharks zone.
Goals for this period are 2 for Sharks vs 0 for Golden Seals.
Shots for this period are 18 for Sharks vs 11 for Golden Seals.

3rd period


0:01 of 3rd period - Sidney Crosby wins face-off versus Jonathan Toews in neutral zone.
0:03 of 3rd period - Off-side.
0:04 of 3rd period - Jonathan Toews wins face-off versus Sidney Crosby in neutral zone.
0:21 of 3rd period - Slapshot by Nick Suzuki.
0:21 of 3rd period - Stopped by Semyon Varlamov with a rebound.
0:37 of 3rd period - Slapshot by Kasperi Kapanen.
0:37 of 3rd period - Shot Blocked by William Karlsson.
0:39 of 3rd period - Snap shot by Alex Pietrangelo.
0:39 of 3rd period - Deflect By William Karlsson.
0:39 of 3rd period - Stopped by Andrei Vasilevskiy with a rebound.
0:41 of 3rd period - Slapshot by Jason Demers.
0:41 of 3rd period - Stopped by Andrei Vasilevskiy with a rebound.
0:48 of 3rd period - Icing by William Karlsson.
0:49 of 3rd period - Boone Jenner wins face-off versus Max Domi in Golden Seals zone.
1:47 of 3rd period - Icing by Teuvo Teravainen.
1:48 of 3rd period - Jonathan Toews wins face-off versus David Krejci in Sharks zone.
2:28 of 3rd period - Minor Penalty to Justin Braun for Holding.
2:29 of 3rd period - Jonathan Toews wins face-off versus Carter Rowney in Sharks zone.
2:31 of 3rd period - Wrist shot by Jonathan Toews.
2:31 of 3rd period - Stopped by Semyon Varlamov without a rebound.
2:32 of 3rd period - Jonathan Toews wins face-off versus Carter Rowney in Sharks zone.
2:37 of 3rd period - Wrist shot by Tyler Toffoli.
2:37 of 3rd period - Shot Blocked by Jason Demers.
3:05 of 3rd period - Snap shot by Jason Robertson.
3:05 of 3rd period - Stopped by Semyon Varlamov without a rebound.
3:06 of 3rd period - Carter Rowney wins face-off versus Jonathan Toews in Sharks zone.
3:29 of 3rd period - Teuvo Teravainen is hit by Colton Parayko.
3:43 of 3rd period - Slapshot by Robby Fabbri.
3:43 of 3rd period - Shot Misses the Net.
3:45 of 3rd period - Slapshot by Jaden Schwartz.
3:45 of 3rd period - Stopped by Semyon Varlamov without a rebound.
3:46 of 3rd period - Jonathan Huberdeau wins face-off versus Robby Fabbri in Sharks zone.
3:55 of 3rd period - Carter Rowney is hit by Nate Schmidt and loses puck.
4:28 of 3rd period - Penalty to Justin Braun is over, Justin Braun is back on ice.
5:04 of 3rd period - Snap shot by Jason Robertson.
5:04 of 3rd period - Deflect By Robby Fabbri.
5:04 of 3rd period - Stopped by Semyon Varlamov with a rebound.
5:19 of 3rd period - Icing by Teuvo Teravainen.
5:20 of 3rd period - David Krejci wins face-off versus Jonathan Toews in Sharks zone.
6:08 of 3rd period - Wrist shot by Ondrej Kase.
6:08 of 3rd period - Shot Misses the Net.
6:30 of 3rd period - Off-side.
6:31 of 3rd period - Jonathan Toews wins face-off versus Sidney Crosby in neutral zone.
7:10 of 3rd period - Off-side.
7:11 of 3rd period - William Karlsson wins face-off versus Jonathan Huberdeau in neutral zone.
7:14 of 3rd period - Dylan Larkin is hit by Jaden Schwartz and loses puck.
7:21 of 3rd period - Jaden Schwartz is hit by Jason Demers.
7:41 of 3rd period - Off-side.
7:42 of 3rd period - Jonathan Toews wins face-off versus Boone Jenner in neutral zone.
8:06 of 3rd period - Kurtis MacDermid is hit by Sidney Crosby and loses puck.
8:07 of 3rd period - Kurtis MacDermid from Golden Seals is injured at 8:07 of 3rd period (Right Ankle).
8:08 of 3rd period - William Karlsson wins face-off versus Sidney Crosby in Golden Seals zone.
8:37 of 3rd period - Off-side.
8:38 of 3rd period - Jonathan Toews wins face-off versus Boone Jenner in neutral zone.
9:34 of 3rd period - Slapshot by Jonathan Huberdeau.
9:34 of 3rd period - Shot Blocked by Colton Parayko.
10:21 of 3rd period - Snap shot by Jaden Schwartz.
10:21 of 3rd period - Stopped by Semyon Varlamov without a rebound.
10:22 of 3rd period - Boone Jenner wins face-off versus Jonathan Toews in Sharks zone.
10:52 of 3rd period - Slapshot by Jake McCabe.
10:52 of 3rd period - Shot Misses the Net.
10:54 of 3rd period - Wrist shot by Robby Fabbri.
10:54 of 3rd period - Stopped by Semyon Varlamov with a rebound.
11:00 of 3rd period - Backhand shot by Robby Fabbri.
11:00 of 3rd period - Deflect By Jason Robertson.
11:00 of 3rd period - Stopped by Semyon Varlamov with a rebound.
11:18 of 3rd period - Slapshot by Jonathan Huberdeau.
11:18 of 3rd period - Stopped by Andrei Vasilevskiy with a rebound.
11:20 of 3rd period - Wrist shot by Jonathan Huberdeau.
11:20 of 3rd period - Shot Blocked by Jake McCabe.
11:22 of 3rd period - Slapshot by Jason Demers.
11:22 of 3rd period - Shot Misses the Net.
11:56 of 3rd period - Wrist shot by Max Domi.
11:56 of 3rd period - Shot Misses the Net.
11:58 of 3rd period - Snap shot by Jason Robertson.
11:58 of 3rd period - Shot Misses the Net.
12:00 of 3rd period - Slapshot by Robby Fabbri.
12:00 of 3rd period - Stopped by Semyon Varlamov with a rebound.
12:10 of 3rd period - Alexander Radulov is hit by William Karlsson and loses puck.
12:45 of 3rd period - Minor Penalty to Dylan Larkin for High sticking.
12:46 of 3rd period - Tyler Toffoli wins face-off versus Carter Rowney in Sharks zone.
14:45 of 3rd period - Penalty to Dylan Larkin is over, Dylan Larkin is back on ice.
15:32 of 3rd period - Snap shot by Carter Rowney.
15:32 of 3rd period - Stopped by Andrei Vasilevskiy without a rebound.
15:33 of 3rd period - William Karlsson wins face-off versus Carter Rowney in Golden Seals zone.
15:45 of 3rd period - Snap shot by Carter Rowney.
15:45 of 3rd period - Stopped by Andrei Vasilevskiy with a rebound.
16:38 of 3rd period - Snap shot by Kasperi Kapanen.
16:38 of 3rd period - Shot Misses the Net.
17:10 of 3rd period - Snap shot by David Krejci.
17:10 of 3rd period - Stopped by Andrei Vasilevskiy with a rebound.
17:12 of 3rd period - Wrist shot by Mark Borowiecki.
17:12 of 3rd period - Shot Misses the Net.
17:14 of 3rd period - Slapshot by Mark Borowiecki.
17:14 of 3rd period - Shot Misses the Net.
17:16 of 3rd period - Snap shot by David Krejci.
17:16 of 3rd period - Goal by David Krejci - Sharks : 4 - Golden Seals : 0.
17:17 of 3rd period - Jonathan Toews wins face-off versus Sidney Crosby in neutral zone.
17:24 of 3rd period - Slapshot by Jake McCabe.
17:24 of 3rd period - Deflect By Sidney Crosby.
17:24 of 3rd period - Goal by Jake McCabe - Sharks : 4 - Golden Seals : 1.
17:25 of 3rd period - Jonathan Toews wins face-off versus Sidney Crosby in neutral zone.
17:34 of 3rd period - Snap shot by Tyler Toffoli.
17:34 of 3rd period - Stopped by Semyon Varlamov with a rebound.
17:36 of 3rd period - Slapshot by Nate Schmidt.
17:36 of 3rd period - Stopped by Semyon Varlamov with a rebound.
17:38 of 3rd period - Slapshot by Nate Schmidt.
17:38 of 3rd period - Stopped by Semyon Varlamov without a rebound.
17:39 of 3rd period - David Krejci wins face-off versus William Karlsson in Sharks zone.
18:13 of 3rd period - Off-side.
18:14 of 3rd period - Jonathan Toews wins face-off versus Sidney Crosby in neutral zone.
18:42 of 3rd period - Minor Penalty to Jonathan Toews for Roughing.
18:43 of 3rd period - Sidney Crosby wins face-off versus Barclay Goodrow in Golden Seals zone.
18:48 of 3rd period - Wrist shot by Gabriel Landeskog.
18:48 of 3rd period - Deflect By Sidney Crosby.
18:48 of 3rd period - Shot Misses the Net.
18:48 of 3rd period - Puck is out of play.
18:49 of 3rd period - Barclay Goodrow wins face-off versus Sidney Crosby in Golden Seals zone.
18:54 of 3rd period - Jonathan Huberdeau is hit by Barclay Goodrow and loses puck.
19:26 of 3rd period - Snap shot by William Karlsson.
19:26 of 3rd period - Shot Misses the Net.
19:28 of 3rd period - Slapshot by Colton Parayko.
19:28 of 3rd period - Deflect By Nick Suzuki.
19:28 of 3rd period - Shot Blocked by Alexander Radulov.
19:28 of 3rd period - Puck is out of play.
19:29 of 3rd period - Nick Suzuki wins face-off versus Sidney Crosby in Sharks zone.
Goals for this period are 1 for Sharks vs 1 for Golden Seals.
Shots for this period are 7 for Sharks vs 13 for Golden Seals. Output by the SimonT Hockey Simulator (STHS) for Eric Tremblay - Original Page W3C HTML5 Valid
Hockey Simulator - Hockey Simulation - Hockey Manager